 Dungeon Crawl Stone Soup version 0.28-a0-397-g1a7b1a870f (webtiles) character file.

Game seed: 13571857606034568491

36 Gargoyl the Skirmisher (level 3, -4/35 HPs)
             Began as a Gnoll Abyssal Knight on Sept 4, 2021.
             Was a Follower of Lugonu.
             Slain by a gnoll (8 damage)
             ... on level 2 of the Dungeon.
             The game lasted 00:01:45 (1022 turns).

Gargoyl the Skirmisher (Gnoll Abyssal Knight)       Turns: 1022, Time: 00:01:46

Health: -4/35      AC:  3    Str: 12    XL:     3   Next: 37%
Magic:  6/6        EV: 12    Int: 11    God:    Lugonu [*.....]
Gold:   119        SH:  0    Dex: 11    Spells: 3/3 levels left

rFire   . . .      SeeInvis .   a - +1 hand axe
rCold   . . .      Faith    .   (no shield)
rNeg    . . .      Spirit   .   b - +0 leather armour
rPois   .          Reflect  .   (no helmet)
rElec   .          Harm     .   (no cloak)
rCorr   .          Rampage  .   (no gloves)
Will    .....                   (no boots)
Stlth   +.........              (no amulet)
HPRegen 0.11/turn               (no ring)
MPRegen 0.10/turn               (no ring)

@: mighty
A: fangs 1, strong nose, distributed training
a: Renounce Religion, Depart the Abyss


You were on level 2 of the Dungeon.
You worshipped Lugonu.
Lugonu was aware of your devotion.
You visited 1 branch of the dungeon, and saw 2 of its levels.
You visited the Abyss 1 time.

You collected 119 gold pieces.

Inventory:

Hand Weapons
 a - a +1 hand axe (weapon)
Armour
 b - a +0 leather armour (worn)
Jewellery
 c - an amulet of regeneration
Potions
 f - a potion of cancellation {unknown}
 g - a potion of attraction {unknown}


   Skills:
 + Level 6.5 Fighting
 + Level 0.7 Short Blades
 + Level 0.7 Long Blades
 + Level 4.5 Axes
 + Level 0.7 Maces & Flails
 + Level 0.7 Polearms
 + Level 0.7 Staves
 + Level 0.7 Slings
 + Level 0.7 Bows
 + Level 0.7 Crossbows
 + Level 0.7 Throwing
 + Level 4.5 Armour
 + Level 2.6 Dodging
 + Level 0.7 Stealth
 + Level 0.7 Shields
 + Level 0.7 Unarmed Combat
 + Level 0.7 Spellcasting
 + Level 0.5 Conjurations
 + Level 0.5 Hexes
 + Level 0.5 Summonings
 + Level 0.5 Necromancy
 + Level 0.5 Translocations
 + Level 0.5 Transmutations
 + Level 0.5 Fire Magic
 + Level 0.5 Ice Magic
 + Level 0.5 Air Magic
 + Level 0.5 Earth Magic
 + Level 0.5 Poison Magic
 + Level 4.5 Invocations
 + Level 0.7 Evocations


You had 3 spell levels left.
You didn't know any spells.
Your spell library contained the following spells:

 Spells                   Type           Power      Damage    Failure   Level
 Call Canine Familiar     Summ           1%         N/A       71%         3
 Portal Projectile        Hex/Tloc       2%         N/A       71%         3
 Leda's Liquefaction      Hex/Erth       0%         N/A       98%         4


Dungeon Overview and Level Annotations

Branches:
Dungeon (2/15)

Altars:

Shops:
D:1 [


Innate Abilities, Weirdness & Mutations

You have very sharp teeth.
Your uncanny sense of smell can sniff out nearby items.
Your experience applies equally to all skills.


Message History

A gnoll comes into view. It is wielding a +0 whip.
The gnoll shouts!
You hear a shout!
You hear an angry hiss.
There is a stone staircase leading down here.
There is a stone staircase leading up here.
The gnoll hits you with a +0 flail. The gnoll hits you with a +0 flail!
You climb upwards.
There is a stone staircase leading down here.
You hit the gnoll but do no damage. The gnoll barely misses you.
You closely miss the gnoll. The gnoll closely misses you.
You closely miss the gnoll. The gnoll closely misses you.
You hit the gnoll.
The gnoll is moderately wounded.
The gnoll hits you with a +0 flail!
You feel very mighty all of a sudden. The gnoll closely misses you.
You completely miss the gnoll.
The gnoll is moderately wounded.
The gnoll hits you with a +0 flail.
* * * LOW HITPOINT WARNING * * *
You slash the gnoll!
You kill the gnoll!
Lugonu accepts your kill.
There is a stone staircase leading down, spattered with blood here.
Things that are here:
a +0 flail; a gnoll corpse
There is a stone staircase leading down, spattered with blood here.
You climb downwards.
The gnoll hits you with a +0 whip.
* * * LOW HITPOINT WARNING * * *
The gnoll barely misses you.
There is a stone staircase leading up, spattered with blood here.
You barely miss the gnoll. The gnoll closely misses you.
You hit the gnoll.
The gnoll is moderately wounded.
The gnoll hits you with a +0 whip.
* * * LOW HITPOINT WARNING * * *
You hit the gnoll. You bite the gnoll.
The gnoll is heavily wounded.
The gnoll hits you with a +0 whip!
You die...

∆ ...# #.######..##
#g.g...#...# ### #...# ..
#...######## #
##>#........#####
##########..########......
#..........## #######
#........@.# ######...
#........g.#######......##
#........†.).......######
#..........#########
#..........# #..........#
#..........# ############


You could see a gnoll.

Vanquished Creatures
  A gnoll (D:1)
  A dart slug (D:1)
  3 ball pythons (D:1)
  2 bats (D:2)
  2 endoplasms (D:1)
  2 giant cockroaches (D:1)
  5 goblins (D:1)
  A hobgoblin (D:1)
  2 kobolds
  2 frilled lizards (D:1)
  2 rats
23 creatures vanquished.

Notes
Turn   | Place    | Note
-------+----------+-------------------------------------------
     0 | Abyss:1  | Gargoyl the Gnoll Abyssal Knight began the quest for the
                  | Orb.
     0 | Abyss:1  | Reached XP level 1. HP: 23/23 MP: 3/3
    47 | Abyss:2  | Found a corrupted altar of Lugonu.
    95 | Abyss:2  | Noticed a thrashing horror
   109 | Abyss:3  | Noticed a small abomination
   115 | D:1      | Escaped the Abyss
   155 | D:1      | Found Jecwit's Armour Emporium.
   262 | D:1      | Reached XP level 2. HP: 27/29 MP: 5/5
   329 | D:1      | Reached * piety under Lugonu
   484 | D:1      | Found a faded altar of an unknown god.
   922 | D:2      | Reached XP level 3. HP: 34/35 MP: 6/6
  1022 | D:2      | Slain by a gnoll

Illustrated notes

Levels and vault maps discovered:
D:1:      saegor_arrival_under_anarchy, layout_loops_ring, serial_shops, shop,
          shapermc_ecumenical_altar_mp_vishouse, hangedman_decor_growths,
          chequers_serial_rivers_small_3, kennysheep_small_spiral
D:2:      layout_rooms, kennysheep_nub, minmay_statues_item, uniq_sigmund,
          uniq_natasha

Action                   || total
-------------------------++-------
Melee: Hand axe          ||    66
       Bite              ||     7
Invok: Depart the Abyss  ||     1
  Use: Scroll            ||     1
       Potion            ||     1
Armor: Leather armour    ||    20
Dodge: Dodged            ||    57

Table legend: (Time is in decaauts)
 A = Elapsed time spent in this place.
 B = Non-inter-level travel time spent in this place.
 C = Inter-level travel time spent in this place.
 D = Time resting spent in this place.
 E = Time spent auto-exploring this place.
 F = Levels seen in this place.
 G = Mean time per level.
                   A        B        C        D        E       F      G
               +--------+--------+--------+--------+--------+-----+--------+
         Total |   1037 |   1026 |     11 |      0 |    747 |   5 |  207.4 |
       Dungeon |    920 |    909 |     11 |      0 |    665 |   2 |  460.0 |
         Abyss |    117 |    117 |      0 |      0 |     81 |   3 |   39.0 |
               +--------+--------+--------+--------+--------+-----+--------+

Top non-repeatable levels by time:
     D:1: 800 daAuts
     D:2: 119 daAuts
 Abyss:2: 59 daAuts
 Abyss:1: 47 daAuts
 Abyss:3: 10 daAuts
